 Dungeon Crawl Stone Soup version 0.19-a0 (webtiles) character file.

1680 inmateoo the Insei (level 9, -5/51 HPs)
             Began as a Vine Stalker Monk on Apr 27, 2016.
             Was an Elder of Cheibriados.
             Slain by an orc warrior
             ... wielding a +0 halberd
              (10 damage)
             ... on level 6 of the Dungeon.
             The game lasted 00:11:56 (3791 turns).

inmateoo the Insei (Vine Stalker Monk)              Turns: 3791, Time: 00:11:57

Health: -5/51      AC: 13    Str: 29    XL:     9   Next: 2%
Magic:  0/10       EV: 13    Int: 18    God:    Cheibriados [****..]
Gold:   195        SH:  0    Dex: 28    Spells: 0 memorised, 8 levels left

rFire  . . .     SeeInvis +     f - +9 rapier of Eternal Night {drain, rN+ Str+3}
rCold  + . .     Gourm    .     u - +0 chain mail
rNeg   + . .     Faith    .     (no shield)
rPois  .         Spirit   +     q - +2 helmet
rElec  .         Dismiss  .     (no cloak)
rCorr  .         Reflect  .     (no gloves)
SustAt .         Harm     .     t - +0 pair of boots
MR     +....     Rnd*Tele +     (no amulet)
Stlth  ..........               (no ring)
                                e - ring of see invisible

@: hasted, slow, somewhat resistant to hostile enchantments, extremely
unstealthy
A: fangs 3, cold resistance 1, dopey 1, regeneration 2, robust 1, teleportitis
1, magic shield, antimagic bite, no device heal 3, rot immunity, subdued magic 1
a: Bend Time, Temporal Distortion, Slouch, Renounce Religion


You were on level 6 of the Dungeon.
You worshipped Cheibriados.
Cheibriados was greatly pleased with you.
You were not hungry.

You visited 1 branch of the dungeon, and saw 6 of its levels.

You collected 195 gold pieces.

Inventory:

Hand Weapons
 f - the +9 rapier of Eternal Night (weapon) {drain, rN+ Str+3}
   (You found it on level 4 of the Dungeon)

   A truly terrible weapon, it drains the life of those it strikes.
   It affects your strength (+3).
   It protects you from negative energy.
Armour
 q - a +2 helmet (worn)
 t - a +0 pair of boots (worn)
 u - a +0 chain mail (worn)
Jewellery
 e - a ring of see invisible (left hand)
Wands
 g - a wand of slowing (32/48)
 s - a wand of iceblast (6/15)
 C - a wand of polymorph (6/24)
Scrolls
 k - a scroll of recharging
 v - 3 scrolls of remove curse
 x - a scroll of magic mapping
Potions
 a - 2 potions of brilliance
 c - a potion of curing
 i - a potion of beneficial mutation {unknown}
 l - a potion of lignification {unknown}
 n - a potion of cancellation {unknown}
 o - 2 potions of might
 p - a potion of agility {unknown}
 r - a potion of heal wounds {unknown}
 w - 2 potions of degeneration {unknown}
Books
 y - a book of Envenomations

   Spells                             Type                      Level
   a - Spider Form                    Transmutation/Poison         3
   b - Olgreb's Toxic Radiance        Poison                       4
   c - Alistair's Intoxication        Transmutation/Poison         5
   d - Poisonous Cloud                Conjuration/Poison/Air       6
Comestibles
 b - 2 bread rations
 d - 3 fruits
 h - a royal jelly
 m - a beef jerky


   Skills:
 + Level 5.3 Fighting
 + Level 2.5 Short Blades
 + Level 3.4 Armour
 + Level 4.8 Dodging
 - Level 2.4 Stealth
 * Level 7.8 Unarmed Combat


You had 8 spell levels left.
You didn't know any spells.

Dungeon Overview and Level Annotations

Branches:
Dungeon (6/15)
 Temple: D:4-7

Altars:
Ashenzari
Cheibriados
Dithmenos
Fedhas
Pakellas
The Shining One


Innate Abilities, Weirdness & Mutations

You have razor-sharp teeth.
You heal very quickly.
When hurt, damage is shared between your health and your magic reserves.
Your bite disrupts and absorbs the magic of your enemies.
Potions and wands cannot restore your health.
You are immune to rotting.
Your flesh is cold resistant.
You are dopey. (Int -2)
You are robust (+10% HP).
You are occasionally teleported next to monsters.
Your spells are a little easier to cast, but a little less powerful.


Message History

The orc is severely wounded.
The orc warrior barely misses you.
You hit the orc.
You kill the orc!
Cheibriados appreciates the change of pace.
The orc warrior hits you from afar with a halberd!
* * * LOW HITPOINT WARNING * * *
Drink which item? (? for menu, Esc to quit)
Okay, then.
Read which item? (? for menu, Esc to quit)
As you read the scroll labeled LODEKELEUR, it crumbles to dust.
It is a scroll of amnesia.
You feel forgetful for a moment.
The orc warrior hits you from afar with a halberd!
* * * LOW HITPOINT WARNING * * *
Drink which item? (? for menu, Esc to quit)
It was a potion of haste.
You feel yourself speed up.
Cheibriados forgives your accidental hurry, just this once.
The orc warrior hits you from afar with a halberd!
You die...

#..........
#.###. ........
.## #....
#...o.
....####..#
#....#
#...(..#######
#...###
###.........###
#.#.(.##
#...#.#####...#
# #.#..##
###.###.##
###..
#....)###...#
#..# #...
###..oo)@.###
##.# ###.##
##..#.### #.#
#...# #......#
#.# #.###
#...#..o.# #.#
#.#
#..#####..##
#.###.#### #..
#....#
#.##...... ...
##.....
##.#....### #.
...#.##.....###
##
#......รท#..##


You could see an orc warrior, an orc priest and an orc.

Vanquished Creatures
  The ghost of Terandir the Shield-Bearer, an amateur MiFi (D:4)
  Sigmund (D:2)
  An ice beast (D:6)
  3 ogres
  2 giant frogs (D:6)
  A scorpion (D:4)
  A howler monkey (D:5)
  A centaur zombie (D:3)
  A wasp zombie (D:6)
  4 hounds (D:4)
  A centaur skeleton (D:4)
  A giant frog skeleton (D:5)
  2 orc priests
  A jelly (D:5)
  An orc wizard (D:5)
  4 worker ants
  11 adders
  4 gnolls
  2 oozes
  2 adder skeletons
  5 worms
  4 dart slugs
  4 giant geckos
  16 orcs
  7 giant cockroaches
  6 goblins
  5 hobgoblins
  7 jackals
  4 quokkas
  5 bats
  2 giant newts
  A jackal skeleton (D:4)
  11 kobolds
  9 rats
131 creatures vanquished.

Notes
Turn   | Place    | Note
--------------------------------------------------------------
     0 | D:1      | inmateoo the Vine Stalker Monk began the quest for the Orb.
     0 | D:1      | Reached XP level 1. HP: 11/11 MP: 2/2
   210 | D:1      | Reached XP level 2. HP: 13/16 MP: 3/3
   486 | D:1      | Reached XP level 3. HP: 19/20 MP: 4/4
   682 | D:2      | Reached XP level 4. HP: 23/24 MP: 5/5
   691 | D:2      | Found a blossoming altar of Fedhas.
   736 | D:2      | Noticed Sigmund
  1445 | D:2      | Reached skill level 5 in Unarmed Combat
  1445 | D:2      | Reached XP level 5. HP: 23/28 MP: 6/6
  1598 | D:2      | Killed Sigmund
  1598 | D:2      | Reached skill level 1 in Armour
  1598 | D:2      | Gained mutation: You heal very quickly. [Vine Stalker growth]
  1598 | D:2      | Reached XP level 6. HP: 24/33 MP: 7/7
  1619 | D:2      | Found a snail-covered altar of Cheibriados.
  1619 | D:2      | Found a shadowy altar of Dithmenos.
  1621 | D:2      | Found a shattered altar of Ashenzari.
  1823 | D:2      | Became a worshipper of Cheibriados the Contemplative
  1823 | D:2      | Reached * piety under Cheibriados
  1823 | D:2      | Reached ** piety under Cheibriados
  1894 | D:3      | Found an oddly glowing altar of Pakellas.
  1894 | D:3      | Found a glowing golden altar of the Shining One.
  2295 | D:4      | Reached XP level 7. HP: 37/37 MP: 8/8
  2313 | D:4      | Reached skill level 6 in Unarmed Combat
  2441 | D:4      | Reached *** piety under Cheibriados
  2549 | D:4      | Got an encrusted rapier
  2550 | D:4      | Identified the +9 rapier of Eternal Night {drain, rN+ Str+3} (You found it on level 4 of the Dungeon)
  2686 | D:4      | Noticed Terandir's ghost (amateur MiFi)
  2705 | D:5      | Entered Level 5 of the Dungeon
  2809 | D:5      | Gained mutation: You have razor-sharp teeth. [Vine Stalker growth]
  2809 | D:5      | Reached XP level 8. HP: 41/42 MP: 9/9
  2810 | D:5      | Reached skill level 1 in Short Blades
  3007 | D:5      | Reached **** piety under Cheibriados
  3544 | D:4      | Gained mutation: Your spells are a little easier to cast, but a little less powerful. [potion of mutation]
  3544 | D:4      | Gained mutation: You are dopey. (Int -2) [potion of mutation]
  3544 | D:4      | Gained mutation: You are occasionally teleported next to monsters. [potion of mutation]
  3550 | D:4      | Killed Terandir's ghost
  3550 | D:4      | Reached skill level 5 in Fighting
  3550 | D:4      | Reached skill level 7 in Unarmed Combat
  3664 | D:6      | Gained mutation: You are robust (+10% HP). [potion of mutation]
  3664 | D:6      | Gained mutation: Your flesh is cold resistant. [potion of mutation]
  3735 | D:6      | Reached XP level 9. HP: 51/51 MP: 10/10
  3791 | D:6      | Slain by an orc warrior

Vault maps used:
D:1:      evilmike_arrival_come_back
D:2:      fedhas_altar_2, nicolae_overflow_hidden_temple, uniq_sigmund
D:3:      gammafunk_temple_overflow_elements, tgw_sif
D:4:      first_bread, minmay_misc_feat_nine_boxes
D:6:      overflow_temple_1_default, minmay_temple_entry_large_hall, basic_altar

Skill      XL: |  1  2  3  4  5  6  7  8 |
---------------+-------------------------+-----
Fighting       | 3 4 5 |  5.3
Dodging        | 3 4 |  4.8
Unarmed Combat | 5 6 7 |  7.8
Armour         | 1 2 3 |  3.4
Short Blades   | 2 |  2.5
Stealth        | |  2.4

Action                   |  1- 3 |  4- 6 |  7- 9 || total
-------------------------+-------+-------+-------++-------
Melee: Unarmed           |    88 |   127 |    45 ||   260
       Bite              |    30 |    46 |    55 ||   131
       Punch             |       |     3 |     9 ||    12
       Rapier            |       |       |    90 ||    90
  Use: Scroll            |       |     6 |     6 ||    12
       Potion            |       |       |     4 ||     4
 Stab: Sleeping          |     3 |     3 |     1 ||     7
  Eat: Chunk             |       |     4 |     3 ||     7
Armor: Robe              |     4 |       |       ||     4
       Ring mail         |    20 |    27 |     7 ||    54
       Chain mail        |       |       |    68 ||    68
Dodge: Dodged            |    55 |    66 |   104 ||   225
